 Dungeon Crawl Stone Soup version 0.19.5 (webtiles) character file.

15087 tognito the Cleaver (level 11, -18/160 HPs)
             Began as a Minotaur Berserker on Apr 3, 2017.
             Was a High Priest of Trog.
             Demolished by a white ugly thing (32 damage)
             ... in an ice cave.
             The game lasted 00:33:40 (12053 turns).

tognito the Cleaver (Minotaur Berserker)           Turns: 12053, Time: 00:33:42

Health: -18/160    AC: 18    Str: 30    XL:     11   Next: 97%
Magic:  10/10      EV: 11    Int:  4    God:    Trog [*****.]
Gold:   634        SH:  0    Dex: 10    Spells: 0 memorised, 10 levels left

rFire  . . .     SeeInvis .     a - +3 battleaxe (flame)
rCold  . . .     Gourm    .     y - +0 plate armour
rNeg   . . .     Faith    .     (shield currently unavailable)
rPois  +         Spirit   .     (helmet restricted)
rElec  .         Reflect  .     z - +0 cloak
rCorr  .         Harm     .     k - +1 pair of gloves
MR     .....                    (no boots)
Stlth  ..........               (no amulet)
                                n - ring of poison resistance
                                o - ring of stealth

@: mighty, berserking, very quick
A: retaliatory headbutt, horns 2
a: Berserk, Trog's Hand, Brothers in Arms, Burn Spellbooks, Renounce Religion


You were in an ice cave.
You worshipped Trog.
Trog was extremely pleased with you.
You were hungry.

You visited 1 branch of the dungeon, and saw 11 of its levels.
You also visited: Sewer and Ice Cave.

You collected 634 gold pieces.

Inventory:

Hand Weapons
 a - a +3 battleaxe of flaming (weapon)
 b - a +0 shortbow
 u - a +3 battleaxe of electrocution
Missiles
 g - 110 bolts
 h - 104 arrows
Armour
 k - a +1 pair of gloves (worn)
 y - a +0 plate armour (worn)
 z - a +0 cloak (worn)
Jewellery
 n - a ring of poison resistance (right hand)
 o - a ring of stealth (left hand)
 t - an uncursed ring of resist corrosion
Wands
 p - a wand of disintegration (12/24)
 w - a wand of confusion (38/48)
 A - a wand of heal wounds (2/9)
 B - a wand of teleportation (8/9)
 E - a wand of iceblast (6/15)
Scrolls
 d - 5 scrolls of identify
 f - 2 scrolls of teleportation
 l - 4 scrolls of magic mapping
 m - a scroll of fear
 q - a scroll of blinking
 x - a scroll of fog
 D - 2 scrolls of enchant armour
Potions
 j - 2 potions of might
 s - a potion of cure mutation
Miscellaneous
 e - a disc of storms
Comestibles
 c - 6 bread rations
 i - 2 royal jellies
 r - 3 beef jerkies
 v - 9 slices of pizza
 C - 2 meat rations


   Skills:
 * Level 13.4 Fighting
 * Level 13.7 Axes
 + Level 9.9 Armour
 + Level 8.9 Dodging


You had 10 spell levels left.
You didn't know any spells.

Dungeon Overview and Level Annotations

Branches:
Dungeon (11/15)            Temple (0/1) D:7            Lair (0/6) D:8
    Orc (0/2) D:10

Altars:
Cheibriados
Dithmenos
Elyvilon
Hepliaklqana
Makhleb
Okawaru
Qazlal
Ru
Sif Muna
Trog
Uskayaw
Yredelemnul
The Shining One

Shops:
D:8 *   D:10 (*!

Annotations:
D:8 Prince Ribbit


Innate Abilities, Weirdness & Mutations

You reflexively headbutt those who attack you in melee.
You have a pair of horns on your head.


Message History

There is an ice choked empty arch of ancient stone here.
You feel very mighty all of a sudden.
A red film seems to cover your vision as you go berserk!
You feel yourself moving faster!
You feel mighty!
You are feeling hungry.
Your plate armour prevents you from hitting the ice beast.
You headbutt the ice beast, but do no damage.
You slice the ice beast!!
You melt the ice beast!
You kill the ice beast!
Trog accepts your kill.
You barely miss the ice beast. The ice beast completely misses you.
You furiously retaliate!
You headbutt the ice beast!! You slice the white ugly thing!!
You burn the white ugly thing. You headbutt the white ugly thing.
The white ugly thing is severely wounded.
You closely miss the ice beast. x2; You completely miss the ice beast.
The white ugly thing headbutts you.
* * * LOW HITPOINT WARNING * * *
The white ugly thing freezes you!!
You die...

#...$.$.$...#
##....?.[....##
#......)......#
#....8...8....#
#.............#
#...Y.......#
#.....uY....#
#....Y@Y....#
##...Y.....##
##...∩...##
##.....##
#######


You could see a white ugly thing and 5 ice beasts.

Vanquished Creatures
  3 unseen horrors
  2 hill giants (D:10)
  A cyclops (D:11)
  A gargoyle (D:10)
  Psyche (D:9)
  2 ice devils (D:11)
  A troll (D:9)
  A two-headed ogre (D:10)
  4 hippogriffs
  The ghost of Lucio the Shield-Bearer, an amateur VSFi (D:5)
  A human (D:7)
  2 wyverns
  17 yaks
  A shadow (D:9)
  4 hogs (D:7)
  A water elemental (D:11)
  A steam dragon (D:11)
  Menkaure (D:7)
  Edmund (D:4)
  5 ice beasts
  8 orc warriors
  3 sky beasts
  4 phantoms
  3 black bears
  4 ogres
  A centaur (D:8)
  A big kobold (D:7)
  2 crocodiles
  A gnoll sergeant (D:10)
  6 bullfrogs
  A water moccasin skeleton (D:7)
  3 scorpions
  3 wights (D:10)
  A killer bee (D:5)
  4 electric eels
  2 howler monkeys
  A crimson imp (D:9)
  2 bullfrog zombies (D:5)
  A quasit (D:7)
  2 centaur zombies
  A bullfrog skeleton (D:5)
  7 hounds
  2 jellies
  A gnoll shaman (D:8)
  A centaur skeleton (D:10)
  7 orc priests
  Jessica (D:2)
  Natasha (thrice) (D:3)
  10 orc wizards
  2 iguanas
  6 worker ants
  A hell rat (D:8)
  A hound skeleton (D:4)
  A mummy (D:8)
  2 worker ant zombies
  12 gnolls
  A howler monkey skeleton (D:6)
  7 adders
  A river rat (D:8)
  2 shadow imps
  A white imp (D:7)
  An ooze (D:4)
  An adder zombie (D:8)
  An adder skeleton (D:10)
  2 worms
  A dart slug (D:3)
  5 leopard geckos
  44 orcs
  4 ball pythons
  5 giant cockroaches
  3 goblins
  7 hobgoblins
  22 jackals
  5 quokkas
  3 bats
  10 frilled lizards
  A goblin skeleton (D:7)
  4 hobgoblin zombies (D:7)
  13 kobolds
  3 kobold skeletons (D:7)
  A kobold zombie (D:7)
  An orc skeleton (D:7)
  An orc zombie (D:7)
  2 quokka skeletons
  12 rats
  A plant (Sewer)
327 creatures vanquished.

Vanquished Creatures (others)
  A plant (Sewer)
1 creature vanquished.

Grand Total: 328 creatures vanquished

Notes
Turn   | Place    | Note
-------+----------+-------------------------------------------
     0 | D:1      | tognito the Minotaur Berserker began the quest for the Orb.
     0 | D:1      | Reached XP level 1. HP: 19/19 MP: 0/0
     3 | D:1      | Noticed an electric eel
     3 | D:1      | Noticed an electric eel
    98 | D:1      | Reached XP level 2. HP: 13/27 MP: 1/1
   974 | D:2      | Noticed Jessica
   977 | D:2      | Reached ** piety under Trog
   977 | D:2      | Reached XP level 3. HP: 33/33 MP: 2/2
   982 | D:2      | Killed Jessica
  1186 | D:2      | Found a sacrificial altar of Ru.
  1280 | D:2      | Gained mutation: You have an increased reservoir of magic. (+10% MP) [potion of beneficial mutation]
  1450 | D:3      | Found a sacrificial altar of Ru.
  1475 | D:3      | Noticed Natasha
  1488 | D:3      | Killed Natasha
  1488 | D:3      | Reached XP level 4. HP: 27/41 MP: 3/3
  1493 | D:3      | Found a deep blue altar of Sif Muna.
  1611 | D:3      | Noticed Natasha
  1620 | D:3      | Killed Natasha
  1823 | D:3      | Noticed Natasha
  1835 | D:3      | Killed Natasha
  1835 | D:3      | Reached skill level 5 in Fighting
  1835 | D:3      | Reached XP level 5. HP: 24/48 MP: 4/4
  2065 | D:3      | Noticed a moth of wrath
  2067 | D:3      | Found a bloodstained altar of Trog.
  3034 | D:4      | Reached skill level 5 in Axes
  3140 | D:4      | Found a hazy altar of Hepliaklqana.
  3294 | D:4      | Noticed Edmund
  3306 | D:4      | Killed Edmund
  3306 | D:4      | Reached XP level 6. HP: 35/57 MP: 5/5
  3660 | D:4      | Found a shadowy altar of Dithmenos.
  4025 | D:5      | Entered Level 5 of the Dungeon
  4056 | D:5      | Noticed Lucio's ghost (amateur VSFi)
  4074 | D:5      | Killed Lucio's ghost
  4074 | D:5      | Reached *** piety under Trog
  4074 | D:5      | Reached XP level 7. HP: 25/64 MP: 6/6
  4383 | D:5      | Found a stormy altar of Qazlal.
  4425 | D:5      | Reached skill level 5 in Armour
  4802 | D:6      | Noticed a hippogriff
  4820 | D:6      | Killed a hippogriff
  4820 | D:6      | Reached XP level 8. HP: 19/74 MP: 7/7
  4890 | D:6      | Found a glowing drain.
  4921 | Sewer    | Entered a sewer
  5902 | D:6      | Reached skill level 5 in Dodging
  5923 | D:6      | Reached XP level 9. HP: 35/83 MP: 8/8
  6167 | D:6      | Found a burning altar of Makhleb.
  6264 | D:6      | Lost mutation: You have an increased reservoir of magic. (+10% MP) [potion of cure mutation]
  6281 | D:6      | Reached **** piety under Trog
  6640 | D:7      | Found a deep blue altar of Sif Muna.
  6884 | D:7      | Found a glowing golden altar of the Shining One.
  7017 | D:7      | Found a white marble altar of Elyvilon.
  7116 | D:7      | Found a hide-covered altar of Uskayaw.
  7142 | D:7      | Reached skill level 10 in Fighting
  7142 | D:7      | Reached skill level 10 in Axes
  7222 | D:7      | Found an iron altar of Okawaru.
  7529 | D:7      | Noticed Menkaure
  7537 | D:7      | Killed Menkaure
  7538 | D:7      | Reached ***** piety under Trog
  7543 | D:7      | Found a staircase to the Ecumenical Temple.
  7696 | D:8      | Found a basalt altar of Yredelemnul.
  7845 | D:8      | Found a snail-covered altar of Cheibriados.
  7866 | D:8      | Noticed Prince Ribbit
  7918 | D:8      | Reached XP level 10. HP: 94/94 MP: 9/9
  7968 | D:8      | Found Buoteb's General Store.
  8088 | D:8      | Found a staircase to the Lair.
  9034 | D:9      | Received a gift from Trog
  9319 | D:9      | Noticed Psyche
  9329 | D:9      | Killed Psyche
  9424 | D:10     | Entered Level 10 of the Dungeon
  9498 | D:10     | Found Hucy's Distillery.
  9531 | D:10     | Reached XP level 11. HP: 71/104 MP: 10/10
  9717 | D:10     | Found Ojouhi's Assorted Antiques.
  9739 | D:10     | Killed an unseen horror
  9810 | D:10     | Noticed a hill giant
  9819 | D:10     | Killed a hill giant
 10276 | D:10     | Found Fogoliema's Weapon Shop.
 10594 | D:10     | Found a staircase to the Orcish Mines.
 10718 | D:10     | Killed an unseen horror
 11435 | D:10     | Received a gift from Trog
 11568 | D:10     | Noticed a hill giant
 11575 | D:10     | Killed a hill giant
 12027 | D:11     | Killed an unseen horror
 12027 | D:11     | Noticed a white ugly thing
 12027 | D:11     | Noticed a hill giant
 12028 | D:11     | Noticed a white ugly thing
 12034 | D:11     | Found a frozen archway.
 12048 | IceCv    | Entered an ice cave
 12048 | IceCv    | Noticed a white ugly thing
 12053 | IceCv    | Demolished by a white ugly thing

Skill      XL: |  1  2  3  4  5  6  7  8  9 10 11 |
---------------+----------------------------------+-----
Fighting       | 4 5 6 7 9 10 12 13 | 13.4
Axes           | 4 5 6 7 8 10 12 13 | 13.7
Armour         | 3 4 5 6 7 8 9 |  9.9
Dodging        | 3 4 5 6 7 8 |  8.9

Action                   |  1- 3 |  4- 6 |  7- 9 | 10-12 || total
-------------------------+-------+-------+-------+-------++-------
Melee: Hand axe          |    92 |   124 |   361 |   140 ||   717
       Headbutt          |     8 |    32 |   107 |    63 ||   210
       Battleaxe         |       |       |       |   207 ||   207
 Fire: Shortbow          |       |       |       |   153 ||   153
Invok: Burn Spellbooks   |     1 |     1 |       |     1 ||     3
       Berserk           |       |     1 |     2 |     2 ||     5
Evoke: Wand              |       |       |       |     1 ||     1
  Use: Potion            |     7 |     2 |     2 |     1 ||    12
       Scroll            |       |       |    13 |     5 ||    18
  Eat: Chunk             |     2 |     3 |    14 |    10 ||    29
       Meat ration       |       |     1 |       |     1 ||     2
       Beef jerky        |       |       |     1 |       ||     1
Armor: Animal skin       |     6 |       |       |       ||     6
       Ring mail         |    29 |     4 |       |       ||    33
       Scale mail        |       |    41 |     9 |       ||    50
       Chain mail        |       |       |   144 |    30 ||   174
       Plate armour      |       |       |       |   180 ||   180
Dodge: Dodged            |    70 |    55 |   153 |   172 ||   450
Block: Buckler           |       |       |     9 |     8 ||    17
